 Dungeon Crawl Stone Soup version 0.30-a0-800-g7c544603b3 (webtiles) character file.

Game seed: 16226545445196144210

67440 hikkokomori the Fighter (level 15, -3/98 HPs)
             Began as a Gargoyle Fighter on Feb 23, 2023.
             Was the Champion of Cheibriados.
             Slain by a troll (9 damage)
             ... on level 2 of the Orcish Mines.
             The game lasted 00:49:05 (21522 turns).

hikkokomori the Fighter (Gargoyle Fighter)         Turns: 21522, Time: 00:49:06

Health: -3/98      AC: 20    Str: 37    XL:     15   Next: 23%
Magic:  24/24      EV: 12    Int: 35    God:    Cheibriados [******]
Gold:   1679       SH:  8    Dex: 22    Spells: 19/27 levels left

rFire   + + +      SeeInvis +    w - +8 lance "Wyrmbane" {slay drac, rPois rF+ rC+ AC+3}
rCold   + + .      Faith    .    c - +1 buckler
rNeg    + . .      Spirit   .    D - +10 plate armour {rF+}
rPois   ∞          Reflect  .    t - +0 helmet of the Disturbing Olives {Dex+3}
rElec   +          Harm     .    (no cloak)
rCorr   .          Rampage  .    (no gloves)
Will    +....                    (no boots) Stlth
                                 (no amulet)
HPRegen 0.36/turn                k - +6 ring of intelligence
MPRegen 0.19/turn                P - ring "Kohicic" {rF+ rC+ Dex-5 SInv Stlth+}

@: corroded, flying, very slow
A: sickness immunity, AC +11, big wings, negative energy resistance 1,
electricity resistance, torment resistance 1, petrification resistance
a: Renounce Religion, Bend Time, Temporal Distortion, Slouch, Step From Time


You were on level 2 of the Orcish Mines.
You worshipped Cheibriados.
Cheibriados was exalted by your worship.
You visited 4 branches of the dungeon, and saw 20 of its levels.
You also visited: Bailey.

You collected 1679 gold pieces.

Inventory:

Hand Weapons
 v - the +6 trident of Nice Cruel Justice {venom, Will+ Stlth+}
   (You found it on level 4 of the Dungeon)

   Will:      It increases your willpower.
   Stlth:     It makes you more stealthy.
 w - the +8 lance "Wyrmbane" (weapon) {slay drac, rPois rF+ rC+ AC+3}
   (You acquired it in a bailey)

   AC:        It affects your AC (+3).
   rF:        It protects you from fire.
   rC:        It protects you from cold.
   rPois:     It protects you from poison.
 C - a +1 demon whip of flaming
 E - a +0 demon blade of draining
Missiles
 A - 2 throwing nets (quivered)
Armour
 c - a +1 buckler (worn)
 d - a +0 leather armour of fire resistance
 t - the +0 helmet of the Disturbing Olives (worn) {Dex+3}
   (You found it on level 3 of the Dungeon)

   Dex:       It affects your dexterity (+3).
 D - a +10 plate armour of fire resistance (worn)
 L - the +0 hat "Wyfrej" {rC+}
   (You found it on level 10 of the Dungeon)

   rC:        It protects you from cold.
Jewellery
 f - a ring of protection from cold
 j - a ring of positive energy
 k - a +6 ring of intelligence (left hand)
 K - a ring of ice
 P - the ring "Kohicic" (right hand) {rF+ rC+ Dex-5 SInv Stlth+}
   (You found it on level 4 of the Lair of Beasts)

   [ring of protection from cold]

   Dex:       It affects your dexterity (-5).
   rF:        It protects you from fire.
   rC:        It protects you from cold.
   SInv:      It lets you see invisible.
   Stlth:     It makes you more stealthy.
 R - a ring of positive energy
Wands
 a - a wand of roots (7)
 r - a wand of mindburst (7)
 x - a wand of light (6)
 B - a wand of flame (36)
 H - a wand of digging (2)
 J - a wand of charming (9)
 M - a wand of polymorph (8)
Scrolls
 b - 5 scrolls of identify
 h - a scroll of silence {unknown}
 i - 2 scrolls of vulnerability
 m - 7 scrolls of poison
 s - a scroll of fog
 u - a scroll of brand weapon
 y - 2 scrolls of enchant weapon
 G - 2 scrolls of teleportation
 Q - a scroll of summoning {unknown}
 S - a scroll of amnesia {unknown}
Potions
 e - a potion of mutation {unknown}
 g - a potion of degeneration {unknown}
 l - 2 potions of magic
 n - a potion of ambrosia {unknown}
 o - 5 potions of brilliance
 p - 3 potions of curing
 q - a potion of attraction
 z - a potion of lignification {unknown}
 I - 2 potions of flight {unknown}
 N - a potion of might
 O - a potion of berserk rage {unknown}


   Skills:
 - Level 13.1 Fighting
 - Level 4.2(8.4) Axes
 + Level 11.3(11.6) Polearms
 - Level 11.3 Armour
 + Level 5.2 Dodging
 - Level 5.8 Stealth
 - Level 6.8 Shields
 + Level 6.5 Spellcasting
 - Level 8.9 Poison Magic
 + Level 7.3 Invocations
 - Level 6.9 Evocations


You had 19 spell levels left.
You knew the following spells:

 Your Spells              Type           Power      Damage    Failure   Level
a - Olgreb's Toxic Radia  Pois           65%        N/A       5%          4
b - Animate Armour        Summ/Erth      22%        N/A       91%         4

Your spell library contained the following spells:

 Spells                   Type           Power      Damage    Failure   Level
 Sting                    Tmut/Pois      100%       1d8       3%          1
 Poisonous Vapours        Pois/Air       84%        N/A       5%          2
 Ignite Poison            Fire/Tmut/Pois 32%        N/A       19%         3
 Mephitic Cloud           Conj/Pois/Air  32%        N/A       19%         3
 Kiss of Death            Conj/Necr      44%        2d8       22%         1
 Magic Dart               Conj           44%        1d5       22%         1
 Necrotise                Necr           44%        1d6       22%         1
 Shock                    Conj/Air       44%        1d5       22%         1
 Call Imp                 Summ           11%        N/A       32%         2
 Wereblood                Tmut           11%        N/A       32%         2
 Confusing Touch          Hex            11%        N/A       54%         3
 Frozen Ramparts          Ice            22%        1d4       54%         3
 Portal Projectile        Hex/Tloc       22%        N/A       54%         3
 Swiftness                Air            11%        N/A       54%         3
 Tukima's Dance           Hex            11%        N/A       54%         3
 Vampiric Draining        Necr           11%        2d6       54%         3
 Airstrike                Air            5%         2d(1-17)  91%         4
 Dispel Undead            Necr           11%        3d9       91%         4
 Ice Form                 Ice/Tmut       11%        N/A       91%         4
 Sticky Flame             Conj/Fire      11%        2d3       91%         4
 Agony                    Necr           11%        N/A       99%         5
 Blade Hands              Tmut           5%         N/A       99%         5
 Borgnjor's Vile Clutch   Necr/Erth      5%         N/A       99%         5
 Iron Shot                Conj/Erth      5%         9d2       100%        6
 Summon Hydra             Summ           5%         N/A       100%        7
 Ignition                 Fire           5%         3d4       100%        8
 Lehudib's Crystal Spear  Conj/Erth      5%         10d3      100%        8
 Sublimation of Blood     Necr           Unusable   N/A       N/A         2

Dungeon Overview and Level Annotations

Branches:
Dungeon (12/15)            Temple (1/1) D:4            Lair (5/5) D:9
  Swamp (0/4) Lair:2       Spider (0/4) Lair:3        Slime (0/5) Lair:4
    Orc (2/2) D:9          Bailey (visited)
    Elf: Orc:2

Altars:
Ashenzari
Cheibriados
Dithmenos
Elyvilon
Fedhas
Gozag
Hepliaklqana
Kikubaaqudgha
Makhleb
Nemelex Xobeh
Okawaru
Qazlal
Ru
Sif Muna
Trog
Uskayaw
Vehumet
Wu Jian
Xom
Yredelemnul
Zin
The Shining One
Jiyva


Innate Abilities, Weirdness & Mutations

You are immune to sickness and miasma.
Your stone body is resilient. (AC +11)
You are immune to poison.
Your large and strong wings let you fly.
You resist negative energy. (rN+)
You are resistant to electric shocks. (rElec)
You are resistant to unholy torment.
You are immune to petrification.


Message History

* * * LOW HITPOINT WARNING * * *
Okay, then.
As you read the scroll of fear, it crumbles to dust.
You assume a fearsome visage.
The sun demon looks frightened!
The rust devil looks frightened!
The rust devil easily resists.
The orc looks frightened!
The orc priest looks frightened!
The orc looks frightened! x2; The orc priest looks frightened! x2
The orc warrior looks frightened!
The orc priest looks frightened! x3
The orc looks frightened!
The orc priest looks frightened!
The orc looks frightened!
The orc priest looks frightened!
The orc high priest looks frightened!
The orc warrior looks frightened!
The orc looks frightened!
The troll looks frightened!
The rust devil hits you. The rust devil corrodes you!
A troll comes into view.
The orc high priest begs for mercy.
The orc priest begs for mercy.
The rust devil attacks as you move away!
You block the rust devil's attack.
Cornered, the orc priest turns to fight!
The orc warrior starts to cry.
The orc begs, "Please!
I have a lot of children!"
The rust devil barely misses you.
An orc priest comes into view. It is wielding a +0 club.
The rust devil attacks as you move away!
The rust devil hits you.
* * * LOW HITPOINT WARNING * * *
The rust devil corrodes you! You block the rust devil's attack.
The orc priest looks encouraged for a moment.
The orc priest moves out of view.
The orc priest calls down the wrath of Beogh upon you.
Beogh smites you!
* * * LOW HITPOINT WARNING * * *
The rust devil misses you.
The orc priest looks encouraged for a moment.
There is a stone staircase leading up here.
The rust devil hits you. The rust devil corrodes you!
The orc priest hits you but does no damage.
The troll bites you but does no damage. The troll claws you.
* * * LOW HITPOINT WARNING * * *
The troll claws you!
You die...

............
.............
##...............
##.........#.....
###...........#...#####
...................##.##
.......................#
......T@....).........##
...##.o4.....)#........#
...........#.)).....#.#.
.#....o...))..#))....###
.......o...##.#)....## #
#####..)#######....##.#.
#.......# #.........
#..#...#o.# #....#....
#.4.......# #.....#...


You could see a rust devil (summoned), a troll and 3 orc priests.

Vanquished Creatures
  Nessos (Lair:4)
  Azrael (D:12)
  Snorg (D:11)
  Erolcha (D:11)
  Fannar (D:12)
  4 hydras
  A ghost crab (Lair:2)
  A centaur warrior (D:12)
  4 two-headed ogres
  5 death yaks (Lair:5)
  A skyshark (Lair:4)
  The ghost of sargonster the Spear-Bearer, a novice DgGl (D:9)
  3 goliath frogs (Lair:5)
  3 orc knights
  An oklob plant (Lair:5)
  An orc sorcerer (Bailey)
  3 deep elf pyromancers (D:10)
  2 ugly things
  2 cyclopes
  18 elephants
  3 black mambas
  A manticore (D:12)
  23 cane toads
  An unseen horror (D:12)
  7 komodo dragons
  2 rime drakes
  A kobold demonologist (Bailey)
  A hornet (D:9)
  A meliai (D:8)
  4 trolls
  5 polar bears
  A tyrant leech (Lair:5)
  4 dream sheep
  19 blink frogs
  11 slime creatures (D:12)
  A jumping spider (Lair:3)
  Sigmund (D:3)
  2 culicivoras (Lair:3)
  A ynoxinul (D:9)
  A water elemental (D:12)
  5 wyverns
  2 wraiths
  40 yaks
  3 basilisks
  5 fire elementals (D:12)
  A redback (Lair:3)
  A steam dragon (D:9)
  9 vampire mosquitoes
  Edmund (D:6)
  A hell hound (D:12)
  A spectral cane toad (Lair:2)
  2 acid dragons
  15 water moccasins
  A swamp drake (D:10)
  20 orc warriors
  A sky beast (D:6)
  A spectral torpor snail (Lair:2)
  2 black bears
  A spectral blink frog (Lair:2)
  38 wolves
  5 ogres
  2 centaurs
  2 kobold brigands
  10 bullfrogs
  A gnoll sergeant (D:4)
  3 scorpions
  10 wights
  6 killer bees
  9 electric eels
  2 howler monkeys
  3 lava snakes (D:8)
  A crimson imp (D:10)
  9 orc priests
  An iron imp (D:10)
  7 hounds
  3 jellies
  An iguana (D:6)
  A gnoll bouda (D:8)
  Natasha (thrice) (D:2)
  16 orc wizards
  15 gnolls
  12 adders
  4 shadow imps
  2 white imps
  An ufetubus (D:6)
  A worm (D:3)
  4 dart slugs
  68 orcs
  10 ball pythons
  10 bats
  11 endoplasms
  6 giant cockroaches
  20 goblins
  10 hobgoblins
  13 jackals
  4 quokkas
  A frilled lizard (D:3)
  17 kobolds
  3 rats
  A bush (D:9)
603 creatures vanquished.

Vanquished Creatures (collateral kills)
  3 bullfrogs (Lair:5)
3 creatures vanquished.

Vanquished Creatures (others)
  A cane toad (Lair:5)
  7 bushes
  38 fungi
  90 plants
136 creatures vanquished.

Grand Total: 742 creatures vanquished

Notes
Turn   | Place    | Note
-------+----------+-------------------------------------------
     0 | D:1      | hikkokomori the Gargoyle Fighter began the quest for the
                  | Orb.
     0 | D:1      | Reached XP level 1. HP: 14/14 MP: 1/1
    64 | D:1      | Reached XP level 2. HP: 18/19 MP: 2/2
   292 | D:1      | Reached XP level 3. HP: 15/23 MP: 3/3
   919 | D:2      | Reached XP level 4. HP: 27/29 MP: 4/4
   935 | D:2      | Reached skill level 4 in Fighting
  1217 | D:2      | Noticed Natasha
  1228 | D:2      | Killed Natasha
  1229 | D:2      | Reached XP level 5. HP: 32/34 MP: 5/5
  1435 | D:2      | Noticed Natasha
  1451 | D:2      | Killed Natasha
  1828 | D:2      | Noticed Natasha
  1832 | D:2      | Killed Natasha
  2057 | D:3      | Identified the +0 helmet of the Disturbing Olives {Dex+3}
  2067 | D:3      | Found a stormy altar of Qazlal.
  2067 | D:3      | Found a hazy altar of Hepliaklqana.
  2090 | D:3      | Reached XP level 6. HP: 39/40 MP: 6/6
  2097 | D:3      | Found a blossoming altar of Fedhas.
  2253 | D:3      | Reached skill level 5 in Fighting
  2436 | D:3      | Noticed Sigmund
  2451 | D:3      | Killed Sigmund
  2452 | D:3      | Reached XP level 7. HP: 12/44 MP: 7/7
  2591 | D:3      | Found a faded altar of an unknown god.
  3462 | D:4      | Found a staircase to the Ecumenical Temple.
  3468 | D:4      | Identified the +6 trident of Nice Cruel Justice {venom,
                  | Will+ Stlth+}
  3472 | Temple   | Entered the Ecumenical Temple
  3719 | D:4      | Reached skill level 6 in Fighting
  3719 | D:4      | Reached skill level 5 in Armour
  4016 | D:5      | Entered Level 5 of the Dungeon
  4020 | D:5      | Reached skill level 1 in Polearms
  4136 | D:5      | Reached XP level 8. HP: 40/52 MP: 8/8
  4262 | D:5      | Reached skill level 7 in Fighting
  4471 | D:5      | Noticed a yak
  4471 | D:5      | Noticed a yak
  4471 | D:5      | Noticed a yak
  4485 | D:5      | Killed a yak
  4488 | D:5      | Killed a yak
  4495 | D:5      | Killed a yak
  4496 | D:5      | Reached skill level 8 in Fighting
  4688 | D:5      | Learned a level 4 spell: Olgreb's Toxic Radiance
  4818 | D:6      | Reached skill level 1 in Stealth
  4818 | D:6      | Reached skill level 1 in Poison Magic
  4818 | D:6      | Reached XP level 9. HP: 55/59 MP: 8/10
  4855 | D:6      | Reached skill level 1 in Spellcasting
  5150 | D:6      | Noticed Edmund
  5161 | D:6      | Killed Edmund
  5779 | D:7      | Found a snail-covered altar of Cheibriados.
  6110 | D:7      | Found an ornate altar of the Wu Jian Council.
  6412 | D:8      | Found a flagged portal.
  6614 | Bailey   | Entered a bailey
  6649 | Bailey   | Reached skill level 5 in Polearms
  6649 | Bailey   | Reached skill level 5 in Stealth
  6649 | Bailey   | Reached XP level 10. HP: 20/64 MP: 15/15
  6852 | Bailey   | Acquired the +8 lance "Wyrmbane" {slay drac, rPois rF+ rC+
                  | AC+3}
  6852 | Bailey   | Found the +8 lance "Wyrmbane" {slay drac, rPois rF+ rC+
                  | AC+3}
  6857 | Bailey   | Noticed an orc sorcerer
  6858 | Bailey   | Noticed an orange demon
  6869 | Bailey   | Paralysed by an orc sorcerer for 3 turns
  6882 | Bailey   | Killed an orc sorcerer
  6883 | Bailey   | Reached skill level 1 in Evocations
  7085 | Bailey   | Noticed an orc knight
  7105 | Bailey   | Found an iron altar of Okawaru.
  7105 | Bailey   | Noticed a kobold demonologist
  7210 | Bailey   | Noticed an orc knight
  7235 | Bailey   | Killed an orc knight
  7623 | Bailey   | Killed an orc knight
  7624 | Bailey   | Reached skill level 5 in Poison Magic
  7749 | Bailey   | Killed a kobold demonologist
  7757 | Bailey   | Got the Codex of Rime
  8371 | D:8      | Noticed a red ugly thing
  8398 | D:8      | Killed a red ugly thing
  8399 | D:8      | Reached skill level 5 in Spellcasting
  8399 | D:8      | HP: 1/64 [lava snake/glob of lava (10)]
  8622 | D:8      | Reached XP level 11. HP: 61/68 MP: 18/18
  8809 | D:7      | Became a worshipper of Cheibriados the Contemplative
  8962 | D:9      | Noticed a two-headed ogre
  8975 | D:9      | Killed a two-headed ogre
  9169 | D:9      | Found a staircase to the Orcish Mines.
  9226 | D:9      | Noticed sargonster's ghost (novice DgGl)
  9227 | D:9      | Found a runed translucent door.
  9253 | D:9      | Found a staircase to the Lair.
  9592 | D:9      | Reached * piety under Cheibriados
  9775 | D:10     | Entered Level 10 of the Dungeon
  9858 | D:10     | Reached skill level 9 in Fighting
  9895 | D:10     | Noticed a deep elf pyromancer
  9901 | D:10     | Killed a deep elf pyromancer
  9908 | D:10     | Noticed a deep elf pyromancer
  9925 | D:10     | Killed a deep elf pyromancer
  9931 | D:10     | Identified the +0 hat "Wyfrej" {rC+}
 10014 | D:10     | Noticed a two-headed ogre
 10025 | D:10     | Killed a two-headed ogre
 10285 | D:10     | Found an iron altar of Okawaru.
 10326 | D:10     | Reached ** piety under Cheibriados
 10327 | D:10     | Reached skill level 5 in Evocations
 10382 | D:10     | Noticed a two-headed ogre
 10388 | D:10     | Killed a two-headed ogre
 10389 | D:10     | Reached skill level 1 in Invocations
 10783 | D:11     | Noticed Snorg
 10794 | D:11     | Killed Snorg
 11018 | D:11     | Noticed a deep elf pyromancer
 11041 | D:11     | Noticed Erolcha
 11075 | D:10     | Killed a deep elf pyromancer
 11194 | Lair:1   | Entered Level 1 of the Lair of Beasts
 11218 | Lair:1   | Reached XP level 12. HP: 77/77 MP: 19/19
 11273 | Lair:1   | Found a sacrificial altar of Ru.
 11547 | Lair:1   | Reached skill level 10 in Fighting
 12108 | Lair:2   | Noticed a six-headed hydra
 12120 | Lair:2   | Killed a six-headed hydra
 12607 | Lair:2   | Reached *** piety under Cheibriados
 12624 | Lair:2   | Found a staircase to the Swamp.
 12624 | Lair:2   | Noticed a ghost crab
 12636 | Lair:2   | Killed a ghost crab
 13291 | Lair:3   | Found a hole to the Spider Nest.
 13738 | Lair:3   | Reached skill level 5 in Invocations
 13742 | Lair:3   | Reached **** piety under Cheibriados
 13813 | Lair:3   | Reached skill level 10 in Armour
 14052 | Lair:3   | Reached XP level 13. HP: 81/84 MP: 20/20
 14107 | Lair:3   | Reached skill level 11 in Fighting
 14571 | Lair:3   | Reached ***** piety under Cheibriados
 15165 | Lair:4   | Found a viscous altar of Jiyva.
 15174 | Lair:4   | Found a staircase to the Slime Pits.
 15442 | Lair:4   | Identified the ring "Kohicic" {rF+ rC+ Dex-5 SInv Stlth+}
 15453 | Lair:4   | Noticed Nessos
 15475 | Lair:4   | HP: 3/85 [Nessos/arrow (26)]
 15475 | Lair:4   | HP: 1/85 [Nessos/arrow (2)]
 15973 | Lair:4   | Killed Nessos
 16217 | Lair:5   | Entered Level 5 of the Lair of Beasts
 16460 | Lair:4   | Reached skill level 12 in Fighting
 16699 | Lair:4   | Reached skill level 5 in Shields
 17136 | Lair:4   | Reached skill level 1 in Dodging
 17267 | Lair:4   | Reached ****** piety under Cheibriados
 17332 | Lair:5   | Reached skill level 10 in Polearms
 17362 | Lair:5   | Gained mutation: Your large and strong wings let you fly.
                  | [Gargoyle growth]
 17362 | Lair:5   | Reached XP level 14. HP: 76/92 MP: 21/21
 17796 | Lair:5   | HP: 4/92 [elephant (5)]
 18108 | Lair:5   | Reached skill level 13 in Fighting
 19221 | D:9      | Killed sargonster's ghost
 19252 | D:9      | Got Gaguid's Disquisition on the Fault
 19264 | D:9      | Learned a level 4 spell: Animate Armour
 19306 | D:11     | Killed Erolcha
 19934 | D:12     | Noticed Azrael
 19977 | D:12     | Killed Azrael
 19978 | D:12     | Reached XP level 15. HP: 91/98 MP: 23/23
 20431 | D:12     | Reached skill level 5 in Dodging
 20626 | D:12     | Noticed Fannar
 20643 | D:12     | Killed Fannar
 20857 | Orc:1    | Entered Level 1 of the Orcish Mines
 21095 | Orc:2    | Entered Level 2 of the Orcish Mines
 21522 | Orc:2    | Slain by a troll

Illustrated notes

Levels and vault maps discovered:
D:1:      amcnicky_arrival_underground_garden, layout_basic,
          chequers_mini_garden
D:2:      minmay_inner_zag, layout_basic, uniq_natasha
D:3:      layout_rooms, fedhas_altar_fruit_tree,
          gammafunk_temple_overflow_elements, basic_ecumenical_altar,
          minmay_fountain_box, minmay_hedge_maze, roderic_roman_lattice,
          kennysheep_generic_room_14, uniq_sigmund
D:4:      layout_basic, minmay_temple_entry_offerings, minmay_surrounded
D:5:      layout_gridville
D:6:      layout_basic, uniq_edmund
D:7:      layout_cave_pools, nicolae_wu_jian_immortal_techniques,
          mainiacjoe_overflow_six_doors_small, grunt_ministairs_4
D:8:      kennysheep_big_flooded_room, layout_basic, enter_bailey_5
D:9:      layout_loops_ring, erik_lair_island, orc_0_dummy,
          hellmonk_ghost_big_iron, kennysheep_generic_room_3
D:10:     layout_basic, marbit_many_paths, hangedman_minor_magic
D:11:     layout_small_grid, chequers_serial_rivers_marsh, uniq_erolcha,
          uniq_snorg
D:12:     layout_cave_pods, serial_park, serial_park_fountain,
          serial_park_square2, serial_park_tiny_1, uniq_fannar, uniq_azrael
Temple:   eino_temple_rhombus
Lair:1:   layout_gridlike, basic_altar
Lair:2:   layout_cave_pods, nicolae_swamp_entry_spooky
Lair:3:   layout_hall_layers, spider_nest_entry_funnel_web, lemuel_fruit_tree,
          grunt_megastairs_5
Lair:4:   layout_cave_pods, dpeg_slime_entry_corner, uniq_nessos
Lair:5:   minmay_lair_end_frog_pond, layout_regular_city
Orc:1:    layout_diamond_mine, mines_bat_river
Orc:2:    st_orc_pillars, layout_caves, uniq_josephine

Skill      XL: |  1  2  3  4  5  6  7  8  9 10 11 12 13 14 15 |
---------------+----------------------------------------------+-----
Axes           | 2 3 4 |  4.2
Fighting       | 4 5 6 8 9 10 12 13 | 13.1
Shields        | 4 5 6 |  6.8
Armour         | 4 5 6 7 8 10 11 | 11.3
Polearms       | 1 3 5 6 7 8 10 11 | 11.3
Stealth        | 1 5 |  5.8
Poison Magic   | 1 4 5 7 8 |  8.9
Spellcasting   | 3 5 6 |  6.5
Evocations     | 3 5 6 |  6.9
Invocations    | 2 5 6 7 |  7.3
Dodging        | 1 4 5 |  5.2

Action                     |  1- 3 |  4- 6 |  7- 9 | 10-12 | 13-15 || total
---------------------------+-------+-------+-------+-------+-------++-------
  Melee: War axe           |   122 |   148 |    79 |       |       ||   349
         Trident           |       |       |   244 |    18 |     3 ||   265
         Lance             |       |       |       |   814 |  1223 ||  2037
   Cast: Olgreb's Toxic Ra |       |       |       |       |     7 ||     7
 Invoke: Slouch            |       |       |       |       |     2 ||     2
         Temporal Distorti |       |       |       |       |     2 ||     2
  Evoke: Wand              |       |       |     3 |    15 |    12 ||    30
    Use: Potion            |       |     1 |       |     3 |     5 ||     9
         Scroll            |       |       |     6 |    23 |     6 ||    35
   Stab: Sleeping          |       |       |     1 |       |       ||     1
         Distracted        |       |       |       |       |     1 ||     1
 Armour: Scale mail        |    89 |    96 |   180 |    49 |       ||   414
         Plate armour      |       |       |       |   700 |   788 ||  1488
  Dodge: Dodged            |    81 |    73 |   125 |   287 |   480 ||  1046
  Block: Buckler           |    36 |    37 |    61 |   236 |   338 ||   708

Table legend: (Time is in decaauts)
 A = Elapsed time spent in this place.
 B = Non-inter-level travel time spent in this place.
 C = Inter-level travel time spent in this place.
 D = Time resting spent in this place.
 E = Time spent auto-exploring this place.
 F = Levels seen in this place.
 G = Mean time per level.
                   A        B        C        D        E       F      G
               +--------+--------+--------+--------+--------+-----+--------+
         Total |  25911 |  24616 |   1295 |   2011 |  17491 |  21 | 1233.9 |
       Dungeon |  12940 |  12181 |    759 |    448 |   9118 |  12 | 1078.3 |
        Temple |    239 |    239 |      0 |      0 |    217 |   1 |  239.0 |
          Lair |  10439 |   9942 |    497 |   1047 |   7194 |   5 | 2087.8 |
  Orcish Mines |    917 |    879 |     38 |    105 |    551 |   2 |  458.5 |
        Bailey |   1374 |   1374 |      0 |    411 |    410 |   1 | 1374.0 |
               +--------+--------+--------+--------+--------+-----+--------+

Top non-repeatable levels by time:
  Lair:4: 3382 daAuts
  Lair:5: 2490 daAuts
  Lair:2: 1733 daAuts
  Lair:3: 1618 daAuts
    D:12: 1572 daAuts
    D:11: 1389 daAuts
  Bailey: 1374 daAuts
     D:9: 1323 daAuts
    D:10: 1219 daAuts
  Lair:1: 1215 daAuts
     D:3: 1207 daAuts
     D:8: 1158 daAuts
     D:2: 1153 daAuts
     D:6: 980 daAuts
     D:1: 918 daAuts
